Map: Deathaura LE

Players

A.I. 1 (Medium)

  • Race: Terran Terran
  • Spawn Location: 5:00

Methyle - Winner!

  • Race: Terran Terran
  • League: Gold
  • Spawn Location: 11:00

VOD

Have the link to the VOD?

Description

Time

  • Played on: Feb. 22, 2021, 3:24 p.m.
  • Length: 11:30
Show
View Real Time Build Order
Export as new Build Order

A.I. 1 (Medium) Terran 

Build Orders:  

Get SALT Encoding   

  6  0:00  SCV  
  13  0:13  SCV  
  14  0:18  Supply Depot  
  14  0:25  SCV  
  15  0:39  SCV  
  16  0:44  Barracks  
  16  0:48  Refinery  
  16  0:51  SCV  
  17  1:03  SCV  
  18  1:15  Supply Depot  
  18  1:31  Marine  
  19  1:33  Barracks, Orbital Command  
  19  1:42  Refinery  
  19  1:50  Barracks Tech Lab  
  19  2:08  Marine  
  20  2:09  Supply Depot  
  20  2:20  Marine  
  23  2:30  SCV, Marauder  
  24  2:38  Marine  
  24  2:42  SCV  
  26  2:47  Supply Depot  
  28  2:51  Marauder  
  28  2:53  Engineering Bay  
  28  2:54  SCV  
  29  3:06  SCV  
  32  3:13  Marauder  
  32  3:18  SCV  
  33  3:30  SCV  
  36  3:34  Marauder  
  36  4:15  SCV  
  36  5:03  Marine, SCV, Barracks Tech Lab  
  36  5:06  Factory  
  38  5:09  Factory  
  38  5:11  Supply Depot  
  38  5:12  Missile Turret  
  38  5:13  Missile Turret  
  38  5:16  Sensor Tower  
  38  5:18  Ghost Academy  
  38  5:21  Marine, Barracks  
  38  5:26  Marine  
  40  5:36  Bunker  
  40  5:39  Marine  
  41  5:46  Marine  
  30  5:54  Starport, Factory Tech Lab x2  
  30  5:57  Marine, Command Center, Armory  
  31  6:06  Marine  
  32  6:13  Barracks Reactor  
  32  6:16  Marine  
  32  6:27  Marauder  
  32  6:30  Starport Tech Lab  
  34  6:37  Marauder  
  36  6:48  Marauder  
  36  6:51  Raven  
  40  6:59  Marauder  
  42  7:09  Ghost  
  42  7:10  SCV  
  42  7:13  SCV  
  46  7:17  Missile Turret  
  46  7:19  Missile Turret  
  46  7:22  SCV, Refinery  
  47  7:25  SCV, Refinery  
  48  7:33  Raven  
  48  7:34  SCV  
  51  7:37  SCV  
  51  7:41  Bunker  
  52  7:46  SCV  
  52  7:49  SCV  
  54  7:58  SCV  
  54  8:01  SCV  
  56  8:10  SCV  
  57  8:13  SCV  
  58  8:22  SCV  
  58  8:25  SCV  
  60  8:35  SCV  
  60  8:38  SCV  
  62  8:42  Supply Depot  
  62  8:47  SCV  
  63  8:50  SCV  
  64  8:59  SCV  
  64  9:02  SCV  
  66  9:11  SCV  
  66  9:12  Marine, Combat Shield, Medivac  
  66  9:14  SCV, Supply Depot  
  65  9:17  Marine  
  65  9:19  Starport  
  65  9:21  Fusion Core  
  65  9:22  Marine  
  55  9:26  Engineering Bay  
  55  9:27  Marine  
  53  9:32  Marine  
  53  9:37  Marine  
  51  9:42  Raven  
  47  9:46  Marauder  
  47  9:51  Marauder  
  41  9:52  Marine  
  31  10:00  Marine  
  25  10:07  Marine  
  26  10:15  Hellion  
  23  10:22  Marauder  
  22  10:31  Concussive Shells  
  10  10:35  SCV  
  2  10:53  Marine  
  1  11:01  Hellion  
Show
View Real Time Build Order
Export as new Build Order

Methyle Terran - Winner!

Build Orders: 2 Factory, Mech 

Get SALT Encoding   

  6  0:00  SCV  
  13  0:12  SCV  
  14  0:17  Supply Depot  
  14  0:24  SCV  
  15  0:38  SCV  
  15  0:39  Barracks  
  16  0:48  Refinery  
  16  0:50  SCV  
  17  1:02  SCV  
  18  1:15  SCV  
  19  1:27  Orbital Command  
  19  1:36  Command Center  
  19  1:49  Factory  
  19  1:54  SCV, Refinery  
  19  2:00  Barracks Tech Lab  
  20  2:06  Supply Depot  
  20  2:08  SCV  
  21  2:20  SCV  
  22  2:33  SCV  
  23  2:38  Siege Tank  
  26  2:45  SCV, Barracks Reactor  
  26  2:48  Orbital Command  
  27  2:54  Supply Depot  
  27  2:57  SCV  
  28  3:03  Factory  
  28  3:17  SCV x2, Supply Depot  
  30  3:29  Siege Tank, SCV  
  30  3:31  SCV, Barracks Tech Lab  
  35  3:40  Supply Depot  
  35  3:41  SCV  
  36  3:44  Engineering Bay  
  36  3:46  SCV  
  37  3:49  Factory  
  37  3:53  SCV  
  37  3:54  Hellion  
  37  3:55  Hellion  
  42  3:59  SCV  
  43  4:04  Refinery  
  43  4:05  SCV  
  43  4:08  Marine  
  43  4:09  Siege Tank  
  48  4:13  SCV, Refinery  
  48  4:16  Supply Depot  
  49  4:30  SCV x2  
  51  4:37  Supply Depot, Barracks Tech Lab  
  51  4:39  Armory  
  51  4:42  SCV x2  
  53  4:50  Siege Tank  
  56  4:54  SCV  
  56  4:55  SCV  
  56  4:56  Supply Depot  
  56  4:57  Supply Depot  
  58  5:03  Missile Turret  
  58  5:05  Missile Turret  
  58  5:06  SCV  
  59  5:07  Supply Depot  
  59  5:10  SCV  
  59  5:12  Siege Tank  
  63  5:19  SCV  
  62  5:25  Supply Depot x2  
  62  5:29  Siege Tank  
  62  5:34  Factory  
  62  5:35  Hellion x2  
  69  5:36  SCV x2  
  71  5:48  Command Center  
  71  5:54  SCV x2  
  73  5:59  Hellion x2  
  73  6:01  Siege Tank  
  73  6:02  Smart Servos  
  80  6:04  Barracks Tech Lab  
  80  6:06  Terran Vehicle Weapons Level 1  
  80  6:13  Armory  
  80  6:17  Supply Depot  
  80  6:20  SCV  
  80  6:21  SCV  
  82  6:39  SCV x2  
  84  6:48  Supply Depot  
  84  6:49  Supply Depot x2  
  84  6:51  SCV x2  
  86  6:58  Thor x2  
  86  7:01  Hellion x2  
  102  7:17  Refinery  
  102  7:20  Refinery  
  102  7:23  Orbital Command  
  102  7:28  SCV  
  103  7:37  Widow Mine, Thor  
  103  7:39  Hellion  
  103  7:41  Thor  
  103  7:42  Hellion  
  121  7:50  Factory  
  121  8:04  SCV x2  
  123  8:06  SCV, Terran Vehicle Weapons Level 2  
  123  8:07  Terran Vehicle And Ship Armor Level 1  
  125  8:13  Hellion x2  
  125  8:16  Barracks Reactor, SCV x2  
  125  8:18  SCV  
  131  8:27  Supply Depot x2  
  131  8:28  SCV x2, Supply Depot x2  
  131  8:32  SCV  
  134  8:38  Command Center  
  134  8:40  SCV, Missile Turret  
  135  8:42  Command Center  
  135  8:46  Missile Turret  
  135  8:47  Missile Turret, Thor  
  135  8:48  Missile Turret, Thor  
  147  8:50  SCV x2  
  147  8:53  SCV  
  150  9:03  Thor x2  
  150  9:07  Factory  
  156  9:29  SCV x2  
  156  9:30  SCV, Thor  
  165  9:41  SCV  
  165  9:42  SCV x2  
  168  10:05  Factory Tech Lab  
  168  10:13  Barracks Tech Lab  
  168  10:16  Factory  
  168  10:19  Siege Tank, Thor x2  
  168  10:20  Siege Tank, SCV x2  
  168  10:21  Factory Tech Lab  
  188  10:32  SCV x2  
  187  10:52  Siege Tank  
  190  11:03  Refinery  
  190  11:04  Refinery  
  190  11:05  Marine  
  197  11:18  SCV  
  200  11:24  Refinery x2  
Tags
 
Composition
Mech
League
Gold
Matchup
TvT
Opening
2 Factory
Race
Terran
Spawn Locations
Cross Positions
Add a new tag
Caveats
  • Supply blocks, unpowered buildings, or Contaminate may cause inaccurate times.
  • Supply counts are checked every 10 seconds.